| TOP OF THE 1ST |
|
Denver Bears batting - Pitching for Tulsa Drillers : RHP Karl Best
|
|
Pitching: RHP Karl Best
|
|
|
Batting: SHB Julio Cruz
|
0-0: Bunt missed! 0-1: Called Strike 0-2: Ground out U3 (Groundball, 3, EV 78.8 MPH)
|
|
Batting: RHB Adolfo Feliz
|
0-0: Called Strike 0-1: Ball 1-1: Called Strike 1-2: Ground out 1-3 (Groundball, 13S, EV 67.5 MPH)
|
|
Batting: LHB Danny Heep
|
0-0: Ground out 1-3 (Groundball, 34S, EV 71.9 MPH)
|
| Top of the 1st over - 0 runs, 0 hits, 0 errors, 0 left on base; Denver 0 - Tulsa 0 |
| BOTTOM OF THE 1ST |
|
Tulsa Drillers batting - Pitching for Denver Bears : RHP Bob Stoddard
|
|
Pitching: RHP Bob Stoddard
|
|
|
Batting: SHB Paul Householder
|
0-0: Ball 1-0: Foul Ball, location: 2F 1-1: Foul Ball, location: 2F 1-2: Strikes out swinging
|
|
Batting: RHB Mookie Wilson
|
0-0: Called Strike 0-1: Foul Ball, location: 2F 0-2: Ground out 6-3 (Groundball, 6, EV 104.4 MPH)
|
|
Batting: LHB Jim Adduci
|
0-0: Called Strike 0-1: Ball 1-1: Called Strike 1-2: Strikes out swinging
|
| Bottom of the 1st over - 0 runs, 0 hits, 0 errors, 0 left on base; Denver 0 - Tulsa 0 |
| TOP OF THE 2ND |
|
Denver Bears batting - Pitching for Tulsa Drillers : RHP Karl Best
|
|
Batting: LHB Milt Thompson
|
0-0: Ball 1-0: Foul Ball, location: 2F 1-1: Foul Ball, location: 2F 1-2: Strikes out looking
|
|
Batting: LHB Tom Beyers
|
0-0: Ball 1-0: Ball 2-0: Foul Ball, location: 2F 2-1: Ball 3-1: Base on Balls
|
|
Batting: RHB Glenn Hubbard
|
0-0: Hit by Pitch Tom Beyers to second
|
|
Batting: RHB Eugene Pallavicini
|
0-0: Foul Ball, location: 2F 0-1: Foul Ball, location: 2F 0-2: Foul Ball, location: 2F 0-2: Fly out, F7 (Flyball, 7LS, EV 91.9 MPH)
|
|
Batting: RHB Juan Alvarez
|
0-0: Foul Ball, location: 2F 0-1: Ball 1-1: Fielders Choice at 2nd, 5-4 (Groundball, 56, EV 95.6 MPH)
|
| Top of the 2nd over - 0 runs, 0 hits, 0 errors, 2 left on base; Denver 0 - Tulsa 0 |
| BOTTOM OF THE 2ND |
|
Tulsa Drillers batting - Pitching for Denver Bears : RHP Bob Stoddard
|
|
Batting: RHB Brian Dayett
|
0-0: Foul Ball, location: 2F 0-1: Swinging Strike 0-2: Ball 1-2: Ball 2-2: Ball 3-2: Fly out, F8 (Flyball, 8RM, EV 87.5 MPH)
|
|
Batting: RHB Victor Rios
|
0-0: Foul Ball, location: 2F 0-1: Ball 1-1: Ball 2-1: Foul Ball, location: 2F 2-2: Ground out 4-3 (Groundball, 4, EV 85.6 MPH)
|
|
Batting: RHB Bob Grandas
|
0-0: Called Strike 0-1: Ball 1-1: Called Strike 1-2: Foul Ball, location: 2F 1-2: SINGLE (Groundball, 56D, EV 98.1 MPH)
|
|
Batting: RHB Jack Clark
|
0-0: Ball Bob Grandas steals 2nd base (no throw) 1-0: Swinging Strike 1-1: Ball 2-1: Foul Ball, location: 2F 2-2: Strikes out looking
|
| Bottom of the 2nd over - 0 runs, 1 hit, 0 errors, 1 left on base; Denver 0 - Tulsa 0 |
| TOP OF THE 3RD |
|
Denver Bears batting - Pitching for Tulsa Drillers : RHP Karl Best
|
|
Batting: RHB Frank Lucy
|
0-0: Called Strike 0-1: Ball 1-1: Ball 2-1: Ground out 2-3 (Groundball, 2R, EV 73.8 MPH)
|
|
Batting: SHB Julio Cruz
|
0-0: Foul Ball, location: 2F 0-1: Ball 1-1: Bunted foul 1-2: Foul Ball, location: 2F 1-2: Ball 2-2: SINGLE (Groundball, 4D, EV 101.3 MPH)
|
|
Batting: RHB Adolfo Feliz
|
0-0: Ball 1-0: Called Strike 1-1: Foul Ball, location: 2F 1-2: Hit by Pitch Julio Cruz to second
|
|
Batting: LHB Danny Heep
|
0-0: Fielders Choice at 2nd, 3-6 (Groundball, 34, EV 85.6 MPH) Julio Cruz to third
|
|
Batting: LHB Milt Thompson
|
0-0: Ball 1-0: Ball 2-0: Ball 3-0: Base on Balls Danny Heep to second
|
|
Batting: LHB Tom Beyers
|
0-0: Ground out 6-3 (Groundball, 6MS, EV 88.8 MPH)
|
| Top of the 3rd over - 0 runs, 1 hit, 0 errors, 3 left on base; Denver 0 - Tulsa 0 |
| BOTTOM OF THE 3RD |
|
Tulsa Drillers batting - Pitching for Denver Bears : RHP Bob Stoddard
|
|
Batting: RHB Onix Concepcion
|
0-0: Ball 1-0: Foul Ball, location: 2F 1-1: Foul Ball, location: 2F 1-2: Strikes out swinging
|
|
Batting: RHB Pete Dempsey
|
0-0: Called Strike 0-1: Swinging Strike 0-2: Strikes out looking
|
|
Batting: SHB Paul Householder
|
0-0: Called Strike 0-1: Ball 1-1: Fly out, F7 (Line Drive, 7, EV 103.8 MPH)
|
| Bottom of the 3rd over - 0 runs, 0 hits, 0 errors, 0 left on base; Denver 0 - Tulsa 0 |
| TOP OF THE 4TH |
|
Denver Bears batting - Pitching for Tulsa Drillers : RHP Karl Best
|
|
Batting: RHB Glenn Hubbard
|
0-0: Ball 1-0: Ball 2-0: Ground out 1-3 (Groundball, 13, EV 65.0 MPH)
|
|
Batting: RHB Eugene Pallavicini
|
0-0: Called Strike 0-1: Ball 1-1: Ground out 6-3 (Groundball, 6, EV 103.1 MPH)
|
|
Batting: RHB Juan Alvarez
|
0-0: SINGLE (Line Drive, 8RS, EV 106.9 MPH)
|
|
Batting: RHB Frank Lucy
|
0-0: Ball 1-0: Foul Ball, location: 2F 1-1: Called Strike 1-2: Fly out, F9 (Flyball, 89M, EV 83.8 MPH)
|
| Top of the 4th over - 0 runs, 1 hit, 0 errors, 1 left on base; Denver 0 - Tulsa 0 |
| BOTTOM OF THE 4TH |
|
Tulsa Drillers batting - Pitching for Denver Bears : RHP Bob Stoddard
|
|
Batting: RHB Mookie Wilson
|
0-0: SINGLE (Line Drive, 9S, EV 89.4 MPH)
|
|
Batting: LHB Jim Adduci
|
0-0: Ball 1-0: Called Strike Mookie Wilson steals 2nd base 1-1: Swinging Strike 1-2: Foul Ball, location: 2F 1-2: Strikes out swinging, 2-3 out at first.
|
|
Batting: RHB Brian Dayett
|
0-0: Fly out, F8 (Flyball, 89S, EV 79.4 MPH)
|
|
Batting: RHB Victor Rios
|
0-0: Ball 1-0: Ball 2-0: Ball 3-0: Called Strike 3-1: Reached on error, E5 (Groundball, 5L, EV 88.8 MPH) Mookie Wilson to third
|
|
Batting: RHB Bob Grandas
|
0-0: Called Strike 0-1: Swinging Strike 0-2: SINGLE (Groundball, 4S, EV 70.0 MPH) (infield hit) Mookie Wilson scores Victor Rios to second
|
|
Batting: RHB Jack Clark
|
0-0: Foul Ball, location: 2F 0-1: SINGLE (Flyball, 8LS, EV 91.9 MPH) Victor Rios to third Bob Grandas to second Runner from 3rd tries for Home, SAFE, throw by CF to home
|
|
Batting: RHB Onix Concepcion
|
0-0: Foul Ball, location: 2F 0-1: Foul Ball, location: 2F 0-2: Ball 1-2: Ball 2-2: Foul Ball, location: 2F 2-2: Ball 3-2: Foul Ball, location: 2F 3-2: Ground out 4-3 (Groundball, 4S, EV 78.1 MPH)
|
| Bottom of the 4th over - 2 runs, 3 hits, 1 error, 2 left on base; Denver 0 - Tulsa 2 |
| TOP OF THE 5TH |
|
Denver Bears batting - Pitching for Tulsa Drillers : RHP Karl Best
|
|
Batting: SHB Julio Cruz
|
0-0: Called Strike 0-1: Swinging Strike 0-2: Ball 1-2: Fly out, F7 (Flyball, 7, EV 90.0 MPH)
|
|
Batting: RHB Adolfo Feliz
|
0-0: Ball 1-0: Called Strike 1-1: Fly out, F9 (Line Drive, 9D, EV 87.5 MPH)
|
|
Batting: LHB Danny Heep
|
0-0: Ball 1-0: Ball 2-0: Ball 3-0: Base on Balls
|
|
Batting: LHB Milt Thompson
|
0-0: Ball 1-0: Foul Ball, location: 2F 1-1: Ball 2-1: Called Strike 2-2: SINGLE (Line Drive, 6D, EV 105.6 MPH) Danny Heep to second
|
|
Batting: LHB Tom Beyers
|
0-0: Fly out, F6 (Popup, 6M, EV 63.1 MPH)
|
| Top of the 5th over - 0 runs, 1 hit, 0 errors, 2 left on base; Denver 0 - Tulsa 2 |
| BOTTOM OF THE 5TH |
|
Tulsa Drillers batting - Pitching for Denver Bears : RHP Bob Stoddard
|
|
Batting: RHB Pete Dempsey
|
0-0: Ball 1-0: Ball 2-0: Fly out, F8 (Flyball, 8RM, EV 93.1 MPH)
|
|
Batting: SHB Paul Householder
|
0-0: Fly out, F7 (Line Drive, 7, EV 86.9 MPH)
|
|
Batting: RHB Mookie Wilson
|
0-0: Called Strike 0-1: Ball 1-1: Ground out 5-3 (Groundball, 5S, EV 81.9 MPH)
|
| Bottom of the 5th over - 0 runs, 0 hits, 0 errors, 0 left on base; Denver 0 - Tulsa 2 |
| TOP OF THE 6TH |
|
Denver Bears batting - Pitching for Tulsa Drillers : RHP Karl Best
|
|
Batting: RHB Glenn Hubbard
|
0-0: Ball 1-0: Called Strike 1-1: Fly out, F9 (Flyball, 9LS, EV 76.3 MPH)
|
|
Batting: RHB Eugene Pallavicini
|
0-0: Ball 1-0: Swinging Strike 1-1: Ground out 6-3 (Groundball, 6M, EV 108.8 MPH)
|
|
Batting: RHB Juan Alvarez
|
0-0: Called Strike 0-1: Ball 1-1: Ball 2-1: Foul Ball, location: 2F 2-2: Foul Ball, location: 2F 2-2: SINGLE (Groundball, 56D, EV 104.4 MPH)
|
|
Batting: RHB Frank Lucy
|
0-0: Ball 1-0: Ball 2-0: Foul Ball, location: 2F 2-1: Swinging Strike 2-2: Strikes out swinging
|
| Top of the 6th over - 0 runs, 1 hit, 0 errors, 1 left on base; Denver 0 - Tulsa 2 |
| BOTTOM OF THE 6TH |
|
Tulsa Drillers batting - Pitching for Denver Bears : RHP Bob Stoddard
|
|
Batting: LHB Jim Adduci
|
0-0: Called Strike 0-1: Called Strike 0-2: Ball 1-2: Ball 2-2: Ball 3-2: Strikes out swinging
|
|
Batting: RHB Brian Dayett
|
0-0: Reached on error, E9 (Flyball, 9D, EV 96.3 MPH)
|
|
Batting: RHB Victor Rios
|
0-0: Ball Brian Dayett is caught stealing 2nd base 2-4 1-0: Ball 2-0: SINGLE (Line Drive, 4M, EV 95.0 MPH)
|
|
Batting: RHB Bob Grandas
|
0-0: Called Strike 0-1: Fly out, F7 (Line Drive, 7, EV 98.1 MPH)
|
| Bottom of the 6th over - 0 runs, 1 hit, 1 error, 1 left on base; Denver 0 - Tulsa 2 |
| TOP OF THE 7TH |
|
Denver Bears batting - Pitching for Tulsa Drillers : RHP Karl Best
|
|
Batting: SHB Julio Cruz
|
0-0: Ball 1-0: Ground out 4-3 (Groundball, 4, EV 81.9 MPH)
|
|
Batting: RHB Adolfo Feliz
|
0-0: Ball 1-0: Ball 2-0: Swinging Strike 2-1: Called Strike 2-2: Ground out 4-3 (Groundball, 4, EV 81.3 MPH)
|
|
Batting: LHB Danny Heep
|
0-0: Ground out U3 (Groundball, 34D, EV 85.6 MPH)
|
| Top of the 7th over - 0 runs, 0 hits, 0 errors, 0 left on base; Denver 0 - Tulsa 2 |
| BOTTOM OF THE 7TH |
|
Tulsa Drillers batting - Pitching for Denver Bears : RHP Bob Stoddard
|
|
Batting: RHB Jack Clark
|
0-0: Called Strike 0-1: Foul Ball, location: 2F 0-2: Ball 1-2: Ball 2-2: SINGLE (Groundball, 6MD, EV 99.4 MPH)
|
|
Batting: RHB Onix Concepcion
|
0-0: Ball 1-0: Bunt missed! 1-1: Bunted foul 1-2: Ball 2-2: Ground out 5-3 (Groundball, 56, EV 85.0 MPH) Jack Clark to second
|
|
Batting: RHB Pete Dempsey
|
0-0: Fly out, F9 (Flyball, 89S, EV 93.1 MPH)
|
|
Batting: SHB Paul Householder
|
0-0: Ball 1-0: Foul Ball, location: 2F 1-1: Ball 2-1: Ball 3-1: Base on Balls
|
|
Batting: RHB Mookie Wilson
|
0-0: DOUBLE (Groundball, 5L, EV 100.6 MPH) Jack Clark scores Paul Householder to third Runner from 3rd tries for Home, SAFE, no throw by LF
|
|
Batting: LHB Jim Adduci
|
0-0: Foul Ball, location: 2F 0-1: Ball 1-1: Ball 2-1: Called Strike 2-2: Foul Ball, location: 2F 2-2: Ball 3-2: Foul Ball, location: 2F 3-2: Base on Balls
|
|
Batting: RHB Brian Dayett
|
0-0: Foul Ball, location: 2F 0-1: Swinging Strike 0-2: Fielders Choice at 2nd, 6-4 (Groundball, 6, EV 97.5 MPH)
|
| Bottom of the 7th over - 2 runs, 2 hits, 0 errors, 2 left on base; Denver 0 - Tulsa 4 |
| TOP OF THE 8TH |
|
Denver Bears batting - Pitching for Tulsa Drillers : RHP Karl Best
|
|
Batting: LHB Milt Thompson
|
0-0: Called Strike 0-1: Foul Ball, location: 2F 0-2: Ball 1-2: Strikes out swinging
|
|
Batting: LHB Tom Beyers
|
0-0: Foul Ball, location: 2F 0-1: Fly out, F6 (Popup, P, EV 71.3 MPH)
|
|
Batting: RHB Glenn Hubbard
|
0-0: Ball 1-0: Called Strike 1-1: Foul Ball, location: 2F 1-2: Ball 2-2: Ball 3-2: Foul Ball, location: 2F 3-2: SINGLE (Groundball, 4MD, EV 103.1 MPH) (infield hit)
|
|
Batting: RHB Eugene Pallavicini
|
0-0: Ball 1-0: Called Strike 1-1: Foul Ball, location: 2F 1-2: Ball 2-2: Fielders Choice at 2nd, 6-4 (Groundball, 6, EV 83.8 MPH)
|
| Top of the 8th over - 0 runs, 1 hit, 0 errors, 1 left on base; Denver 0 - Tulsa 4 |
| BOTTOM OF THE 8TH |
|
Tulsa Drillers batting - Pitching for Denver Bears : RHP Bob Stoddard
|
|
Batting: RHB Victor Rios
|
0-0: Fly out, F7 (Flyball, 78D, EV 95.6 MPH)
|
|
Batting: RHB Bob Grandas
|
0-0: Called Strike 0-1: Ball 1-1: Ball 2-1: Ground out 5-3 (Groundball, 56, EV 90.0 MPH)
|
|
Batting: RHB Jack Clark
|
0-0: Ball 1-0: Ground out 3-1 (Groundball, 34S, EV 86.9 MPH)
|
| Bottom of the 8th over - 0 runs, 0 hits, 0 errors, 0 left on base; Denver 0 - Tulsa 4 |
| TOP OF THE 9TH |
|
Denver Bears batting - Pitching for Tulsa Drillers : RHP Karl Best
|
|
Batting: RHB Juan Alvarez
|
0-0: Ball 1-0: Ball 2-0: Ball 3-0: Foul Ball, location: 2F 3-1: Foul Ball, location: 2F 3-2: SINGLE (Groundball, 4MD, EV 105.0 MPH)
|
|
Batting: RHB Frank Lucy
|
0-0: Foul Ball, location: 2F 0-1: Ball 1-1: Called Strike 1-2: Foul Ball, location: 2F 1-2: Ball 2-2: Strikes out swinging
|
|
Batting: SHB Julio Cruz
|
0-0: Ground out 1-3 (Groundball, 13, EV 66.9 MPH) Juan Alvarez to second
|
|
Batting: RHB Adolfo Feliz
|
0-0: Ball Wild Pitch! Juan Alvarez to third 1-0: Called Strike 1-1: Ball 2-1: TRIPLE (Flyball, 78XD, EV 86.3 MPH) Juan Alvarez scores
|
|
Batting: LHB Danny Heep
|
0-0: Ball 1-0: Foul Ball, location: 2F 1-1: Ball 2-1: Ball 3-1: Base on Balls
|
|
Pitching: RHP Tom D Brown
|
|
|
Batting: LHB Milt Thompson
|
0-0: Swinging Strike 0-1: Foul Ball, location: 2F 0-2: Ball 1-2: SINGLE (Flyball, 34D, EV 87.5 MPH) Adolfo Feliz scores Danny Heep to second
|
|
Pinch Runner at 2nd Mark Gilbert:
|
|
|
Batting: LHB Tom Beyers
|
0-0: Ball 1-0: Ball 2-0: Ball 3-0: Base on Balls Mark Gilbert to third Milt Thompson to second
|
|
Batting: RHB Glenn Hubbard
|
0-0: Called Strike 0-1: Called Strike 0-2: Foul Ball, location: 2F 0-2: Foul Ball, location: 2F 0-2: Foul Ball, location: 2F 0-2: Strikes out looking
|
| Top of the 9th over - 2 runs, 3 hits, 0 errors, 3 left on base; Denver 2 - Tulsa 4 |
|